 Dungeon Crawl Stone Soup version 0.28.0-47-ge53b351184 (webtiles) character file.

Game seed: 7107138920431028864

173 101zpm the Gusty (level 5, -3/37 HPs)
             Began as a Gnoll Air Elementalist on Apr 25, 2022.
             Slain by an adder (4 damage)
             ... on level 4 of the Dungeon.
             The game lasted 00:08:46 (4258 turns).

101zpm the Gusty (Gnoll Air Elementalist)           Turns: 4258, Time: 00:08:47

Health: -3/37      AC:  2    Str:  7    XL:     5   Next: 53%
Magic:  2/12       EV: 13    Int: 17    God:
Gold:   61         SH:  0    Dex: 12    Spells: 3/14 levels left

rFire   . . .      SeeInvis .     - Unarmed
rCold   . . .      Faith    .   (no shield)
rNeg    . . .      Spirit   .   h - +0 robe of the Mackerel {Regen+ rCorr}
rPois   +          Reflect  .   (no helmet)
rElec   .          Harm     .   (no cloak)
rCorr   +          Rampage  .   (no gloves)
Will    .....                   (no boots)
Stlth   +++.......              (no amulet)
HPRegen 0.92/turn               e - ring of poison resistance
MPRegen 0.13/turn               (no ring)

@: lethally poisoned (-3 -> -4)
A: fangs 1, strong nose, distributed training
a: no special abilities


You were on level 4 of the Dungeon.
You visited 1 branch of the dungeon, and saw 4 of its levels.

You collected 61 gold pieces.

Inventory:

Missiles
 j - a throwing net
Armour
 a - a +0 robe
 h - the +0 robe of the Mackerel (worn) {Regen+ rCorr}
   (You found it on level 3 of the Dungeon)

   Regen:     It increases your rate of health regeneration.
   rCorr:     It protects you from acid and corrosion.
Jewellery
 e - a ring of poison resistance (left hand)
Scrolls
 c - 2 scrolls of identify {unknown}
 d - a scroll of blinking {unknown}
 f - a scroll of enchant weapon {unknown}
 l - a scroll of fear {unknown}
Potions
 b - 3 potions of curing {unknown}
 g - a potion of brilliance {unknown}
 i - a potion of might {unknown}
 k - a potion of resistance {unknown}


   Skills:
 + Level 1.5 Fighting
 + Level 1.5 Short Blades
 + Level 1.5 Long Blades
 + Level 1.5 Axes
 + Level 1.5 Maces & Flails
 + Level 1.5 Polearms
 + Level 1.5 Staves
 + Level 1.5 Slings
 + Level 1.5 Bows
 + Level 1.5 Crossbows
 + Level 1.5 Throwing
 + Level 1.5 Armour
 + Level 4.8 Dodging
 + Level 4.4 Stealth
 + Level 1.5 Shields
 + Level 1.5 Unarmed Combat
 + Level 5.2 Spellcasting
 + Level 2.4 Conjurations
 + Level 1.2 Hexes
 + Level 1.2 Summonings
 + Level 1.2 Necromancy
 + Level 1.2 Translocations
 + Level 1.2 Transmutations
 + Level 1.2 Fire Magic
 + Level 1.2 Ice Magic
 + Level 5.5 Air Magic
 + Level 1.2 Earth Magic
 + Level 1.2 Poison Magic
 + Level 1.7 Invocations
 + Level 1.5 Evocations


You had 3 spell levels left.
You knew the following spells:

 Your Spells              Type           Power      Damage    Failure   Level
a - Shock                 Conj/Air       72%        1d7       2%          1
b - Static Discharge      Conj/Air       18%        N/A       4%          2
c - Freeze                Ice            32%        1d5       9%          1
d - Airstrike             Air            11%        N/A       14%         4
e - Frozen Ramparts       Ice            16%        1d3       26%         3

Your spell library contained the following spells:

 Spells                   Type           Power      Damage    Failure   Level
 Swiftness                Air            23%        N/A       4%          3
 Hailstorm                Conj/Ice       10%        3d5       54%         4


Dungeon Overview and Level Annotations

Branches:
Dungeon (4/15)
 Temple: D:4-7

Altars:

Shops:
D:2 (

Annotations:
D:3 1 runed translucent door, Crazy Yiuf


Innate Abilities, Weirdness & Mutations

You have very sharp teeth.
Your uncanny sense of smell can sniff out nearby items.
Your experience applies equally to all skills.


Message History

You hit the dart slug.
The dart slug is heavily wounded.
The adder barely misses you.
You barely miss the dart slug.
The dart slug is heavily wounded.
The adder barely misses you. The dart slug launches a dart at you.
The slug dart hits you.
You hit the dart slug but do no damage.
The dart slug is heavily wounded.
The adder bites you. The dart slug barely misses you.
Your magical contamination has completely faded away.
You hit the dart slug but do no damage.
You bite the dart slug, but do no damage.
The dart slug is heavily wounded.
The adder bites you. The adder bites you but does no damage.
You hit the dart slug but do no damage.
The dart slug is heavily wounded.
The adder barely misses you. The dart slug launches a dart at you.
The slug dart hits you.
You hit the dart slug but do no damage.
The dart slug is heavily wounded.
The adder closely misses you. The dart slug launches a dart at you.
The slug dart hits you.
You hit the dart slug.
You bite the dart slug, but do no damage.
The dart slug is severely wounded.
The adder bites you.
* * * LOW HITPOINT WARNING * * *
You are poisoned.
The adder poisons you! The adder bites you.
* * * LOW HITPOINT WARNING * * *
You hit the dart slug but do no damage.
The dart slug is severely wounded.
You feel sick. The dart slug bites you.
* * * LOW HITPOINT WARNING * * *
The adder bites you.
You die...

#..# #..# #
#..# #
#.##.##..#.##
#....h<..#..##
####.###.'...#
# #h#....# #S#
....# ∆ #@#
.... #w# ...
#w# +# ... ...
#####


You could see a hound, an adder and 2 dart slugs.

Vanquished Creatures
  Jessica (D:3)
  Natasha (twice) (D:3)
  2 adders (D:2)
  A worm (D:2)
  3 dart slugs
  An orc (D:3)
  2 ball pythons (D:1)
  5 bats
  6 endoplasms
  2 giant cockroaches (D:2)
  5 hobgoblins
  6 jackals (D:2)
  5 quokkas
  7 goblins
  6 kobolds
  10 rats
  A spectral goblin (D:2)
65 creatures vanquished.

Notes
Turn   | Place    | Note
-------+----------+-------------------------------------------
     0 | D:1      | 101zpm the Gnoll Air Elementalist began the quest for the
                  | Orb.
     0 | D:1      | Reached XP level 1. HP: 13/13 MP: 6/6
   372 | D:1      | Reached XP level 2. HP: 19/19 MP: 5/7
   755 | D:1      | Reached XP level 3. HP: 24/25 MP: 0/9
   772 | D:1      | Reached skill level 5 in Spellcasting
  1232 | D:3      | Noticed an ogre
  1338 | D:2      | Found Hecoahak's Weapon Shoppe.
  1450 | D:2      | Reached skill level 1 in Invocations
  1792 | D:2      | Reached skill level 1 in Fighting
  1792 | D:2      | Reached skill level 1 in Short Blades
  1792 | D:2      | Reached skill level 1 in Long Blades
  1792 | D:2      | Reached skill level 1 in Axes
  1792 | D:2      | Reached skill level 1 in Maces & Flails
  1792 | D:2      | Reached skill level 1 in Polearms
  1792 | D:2      | Reached skill level 1 in Staves
  1792 | D:2      | Reached skill level 1 in Slings
  1792 | D:2      | Reached skill level 1 in Bows
  1792 | D:2      | Reached skill level 1 in Crossbows
  1792 | D:2      | Reached skill level 1 in Throwing
  1792 | D:2      | Reached skill level 1 in Armour
  1792 | D:2      | Reached skill level 1 in Shields
  1792 | D:2      | Reached skill level 1 in Unarmed Combat
  1792 | D:2      | Reached skill level 1 in Evocations
  2170 | D:3      | Reached XP level 4. HP: 32/32 MP: 4/11
  2204 | D:2      | Learned a level 2 spell: Static Discharge
  2206 | D:2      | Learned a level 1 spell: Freeze
  2211 | D:2      | Learned a level 4 spell: Airstrike
  2215 | D:2      | Learned a level 3 spell: Frozen Ramparts
  3131 | D:2      | Found a faded altar of an unknown god.
  3459 | D:2      | Reached skill level 1 in Hexes
  3459 | D:2      | Reached skill level 1 in Summonings
  3459 | D:2      | Reached skill level 1 in Necromancy
  3459 | D:2      | Reached skill level 1 in Translocations
  3459 | D:2      | Reached skill level 1 in Transmutations
  3459 | D:2      | Reached skill level 1 in Fire Magic
  3459 | D:2      | Reached skill level 1 in Ice Magic
  3459 | D:2      | Reached skill level 1 in Earth Magic
  3459 | D:2      | Reached skill level 1 in Poison Magic
  3754 | D:3      | Identified the +0 robe of the Mackerel {Regen+ rCorr}
  3801 | D:3      | Noticed Natasha
  3803 | D:3      | Killed Natasha
  3804 | D:3      | Reached XP level 5. HP: 37/37 MP: 6/12
  3872 | D:3      | Found a runed translucent door.
  3873 | D:3      | Noticed Crazy Yiuf
  3933 | D:3      | Noticed Jessica
  3935 | D:3      | Killed Jessica
  4166 | D:3      | Noticed Natasha
  4168 | D:3      | Killed Natasha
  4258 | D:4      | HP: 1/37 [dart slug (2)]
  4258 | D:4      | Slain by an adder

Illustrated notes

Levels and vault maps discovered:
D:1:      minmay_arrival_checkered_box, layout_loops_ring
D:2:      layout_loops_corners, dreamdust_ecumenical_altar_drowned_temple,
          serial_shops, nicolae_shop_statue_plus
D:3:      layout_basic, uniq_natasha, uniq_crazy_yiuf_cottage, uniq_jessica
D:4:      layout_loops_cross, serial_shops, nicolae_shop_hallway_stairs,
          kennysheep_minor_cross, hangedman_decor_growths, minmay_quadrilaterals

Skill      XL: |  1  2  3  4 |
---------------+-------------+-----
Conjurations   | 2 |  2.4
Spellcasting   | 5 |  5.2
Invocations    | 1 |  1.7
Fighting       | 1 |  1.5
Short Blades   | 1 |  1.5
Long Blades    | 1 |  1.5
Axes           | 1 |  1.5
Maces & Flails | 1 |  1.5
Polearms       | 1 |  1.5
Staves         | 1 |  1.5
Slings         | 1 |  1.5
Bows           | 1 |  1.5
Crossbows      | 1 |  1.5
Throwing       | 1 |  1.5
Armour         | 1 |  1.5
Shields        | 1 |  1.5
Unarmed Combat | 1 |  1.5
Evocations     | 1 |  1.5
Hexes          | 1 |  1.2
Summonings     | 1 |  1.2
Necromancy     | 1 |  1.2
Translocations | 1 |  1.2
Transmutations | 1 |  1.2
Fire Magic     | 1 |  1.2
Ice Magic      | 1 |  1.2
Earth Magic    | 1 |  1.2
Poison Magic   | 1 |  1.2
Dodging        | |  4.8
Stealth        | |  4.4
Air Magic      | |  5.5

Action                   |  1- 3 |  4- 6 || total
-------------------------+-------+-------++-------
Melee: Unarmed           |    14 |     9 ||    23
       Bite              |     3 |     2 ||     5
       Punch             |     1 |       ||     1
 Cast: Shock             |    88 |    26 ||   114
       Airstrike         |       |    19 ||    19
 Stab: Sleeping          |     1 |       ||     1
Armor: Robe              |     3 |     1 ||     4
Dodge: Dodged            |    22 |    16 ||    38
